 Dungeon Crawl Stone Soup version 0.27-a0-1431-gcffa5a9b16 (webtiles) character file.

Game seed: 3843893313776892750

50 bilbop the Caller (level 4, -1/25 HPs)
             Began as a Kobold Summoner on July 2, 2021.
             Slain by Natasha (3 damage)
             ... on level 2 of the Dungeon.
             The game lasted 00:07:27 (1653 turns).

bilbop the Caller (Kobold Summoner)                 Turns: 1653, Time: 00:07:28

Health: -1/25      AC:  3    Str:  5    XL:     4   Next: 4%
Magic:  3/7        EV: 15    Int: 17    God:
Gold:   16         SH:  0    Dex: 15    Spells: 5/8 levels left

rFire    . . .     SeeInvis .   a - +0 dagger
rCold    . . .     Faith    .   (shield restricted)
rNeg     . . .     Spirit   .   b - +0 robe
rPois    +         Reflect  .   (no helmet)
rElec    .         Harm     .   (no cloak)
rCorr    .         Rampage  .   (no gloves)
Will     .....                  i - +0 pair of boots
Stlth    +++.......             (no amulet)
HPRegen  0.08/turn              g - ring of poison resistance
MPRegen  0.10/turn              (no ring)

@: no status effects
A: small, no large weapons, nightstalker 3
a: no special abilities


You were on level 2 of the Dungeon.
You visited 1 branch of the dungeon, and saw 2 of its levels.

You collected 16 gold pieces.

Inventory:

Hand Weapons
 a - a +0 dagger (weapon)
 e - a +0 club
Missiles
 h - 7 atropa-tipped darts
Armour
 b - a +0 robe (worn)
 i - a +0 pair of boots (worn)
Jewellery
 f - a ring of ice
 g - a ring of poison resistance (left hand)
Scrolls
 d - a scroll of noise {unknown}
 j - a scroll of brand weapon {unknown}
 k - a scroll of teleportation {unknown}
Potions
 c - a potion of flight {unknown}
 l - a potion of heal wounds {unknown}


   Skills:
 + Level 1.1 Fighting
 + Level 1.4 Short Blades
 + Level 2.9 Dodging
 + Level 3.5 Stealth
 + Level 2.6 Spellcasting
 + Level 4.2 Summonings


You had 5 spell levels left.
You knew the following spells:

 Your Spells              Type           Power      Damage    Failure   Level
a - Summon Small Mammal   Summ           64%        N/A       3%          1
b - Call Imp              Summ           16%        N/A       4%          2

Your spell library contained the following spells:

 Spells                   Type           Power      Damage    Failure   Level
 Call Canine Familiar     Summ           16%        N/A       10%         3
 Summon Guardian Golem    Hex/Summ       9%         N/A       22%         3
 Dazzling Flash           Conj/Hex       4%         N/A       50%         3
 Summon Ice Beast         Ice/Summ       9%         N/A       58%         4
 Summon Lightning Spire   Summ/Air       9%         N/A       58%         4
 Agony                    Necr           2%         N/A       99%         5
 Silence                  Hex/Air        1%         N/A       99%         5


Dungeon Overview and Level Annotations

Branches:
Dungeon (2/15)

Altars:

Annotations:
D:2 Natasha


Innate Abilities, Weirdness & Mutations

You are small and have problems with some larger weapons.
You are completely attuned to the shadows.


Message History

Casting: Call Imp (safe; 4% risk of failure)
Confirm with . or Enter, or press ? or * to list all spells.
A beastly little devil appears in a puff of frigid air.
An endoplasm is nearby!
What are your orders? t - Shout!
Orders for allies: a - Attack new target. r - Retreat! s - Stop attacking. g - Guard the area. f - Follow me.
Anything else - Cancel.
Gang up on whom?
Press: ? - help, Dir - move target, f - endoplasm
Aim: an endoplasm (asleep, ally target) Attack!
Casting: Call Imp (safe; 4% risk of failure)
Confirm with . or Enter, or press ? or * to list all spells.
A beastly little devil appears in a puff of flame.
Natasha mumbles some strange words.
What are your orders? t - Shout!
Orders for allies: a - Attack new target. p - Attack previous target. r - Retreat! s - Stop attacking. g - Guard the area. f - Follow me.
Anything else - Cancel.
Gang up on whom?
Press: ? - help, Dir - move target, f - crimson imp, p - endoplasm
Aim: a crimson imp (summoned) Attack!
Natasha stares at you and mumbles some strange words.
The magic dart hits you! Natasha claws you!
There is a stone staircase leading up here.
You are too injured to fight recklessly!
You hit Natasha but do no damage. Natasha casts a spell at you.
The magic dart hits you!
* * * LOW HITPOINT WARNING * * *
Your crimson imp closely misses the crimson imp.
The crimson imp blinks!
Natasha claws you.
You die...

.........##...#.#####....###...
................................
........ ........####.†..#.....
...#.. .............##.......
...... ............###......
...... ........#...##..^###
...... 5....#.#...##.#.####
...... .....#.#....#.#.....
..... ....@#.#..........#. ....
.#5.§h.#....<.....# ...
....5.............#
##5.#.............#
J.#..##..##........ ..... #..#
.. ....


You could see Natasha (ally target), a crimson imp (summoned, ally target), 2
friendly crimson imps and a friendly white imp (summoned).

Vanquished Creatures
  Natasha (D:2)
  An adder (D:2)
  A ball python (D:1)
  An endoplasm (D:2)
  A goblin (D:2)
  A rat (D:2)
6 creatures vanquished.

Vanquished Creatures (collateral kills)
  4 endoplasms
  2 giant cockroaches
  2 goblins (D:1)
  2 hobgoblins (D:1)
  A quokka (D:1)
  2 ball pythons (D:2)
  A bat (D:2)
  A frilled lizard (D:1)
  A kobold (D:1)
  3 rats
19 creatures vanquished.

Grand Total: 25 creatures vanquished

Notes
Turn   | Place    | Note
-------+----------+-------------------------------------------
     0 | D:1      | bilbop the Kobold Summoner began the quest for the Orb.
     0 | D:1      | Reached XP level 1. HP: 10/10 MP: 3/3
   457 | D:1      | Reached XP level 2. HP: 16/16 MP: 1/5
  1104 | D:2      | Found a faded altar of an unknown god.
  1303 | D:2      | Reached skill level 1 in Short Blades
  1303 | D:2      | Reached XP level 3. HP: 6/20 MP: 2/6
  1565 | D:2      | Noticed Natasha
  1571 | D:2      | Learned a level 2 spell: Call Imp
  1578 | D:2      | Killed Natasha
  1579 | D:2      | Reached skill level 1 in Fighting
  1579 | D:2      | Reached XP level 4. HP: 25/25 MP: 2/7
  1641 | D:2      | Noticed Natasha
  1653 | D:2      | Slain by Natasha

Illustrated notes

Levels and vault maps discovered:
D:1:      matt_arrival_los_fun, layout_basic
D:2:      layout_rooms, hellmonk_ecumenical_altar_slurped_away, uniq_natasha

Skill      XL: |  1  2  3 |
---------------+----------+-----
Stealth        | 3 |  3.5
Short Blades   | 1 |  1.4
Fighting       | 1 |  1.1
Dodging        | |  2.9
Spellcasting   | |  2.6
Summonings     | |  4.2

Action                   |  1- 3 |  4- 6 || total
-------------------------+-------+-------++-------
Melee: Club              |     2 |       ||     2
       Unarmed           |     2 |       ||     2
       Dagger            |    16 |     2 ||    18
 Cast: Summon Small Mamm |    39 |       ||    39
       Call Imp          |     2 |     2 ||     4
 Stab: Distracted        |     1 |       ||     1
       Sleeping          |     1 |     1 ||     2
Armor: Robe              |     5 |       ||     5
Dodge: Dodged            |    20 |       ||    20

Table legend: (Time is in decaauts)
 A = Elapsed time spent in this place.
 B = Non-inter-level travel time spent in this place.
 C = Inter-level travel time spent in this place.
 D = Time resting spent in this place.
 E = Time spent auto-exploring this place.
 F = Levels seen in this place.
 G = Mean time per level.
                   A        B        C        D        E       F      G
               +--------+--------+--------+--------+--------+-----+--------+
         Total |   1651 |   1625 |     26 |    216 |   1196 |   2 |  825.5 |
       Dungeon |   1651 |   1625 |     26 |    216 |   1196 |   2 |  825.5 |
               +--------+--------+--------+--------+--------+-----+--------+

Top non-repeatable levels by time:
     D:1: 1049 daAuts
     D:2: 602 daAuts
